 Dungeon Crawl Stone Soup version 0.18-a0-1430-g9c1b2fb (webtiles) character file.

43 Geeful the Firebug (level 3, 26/26 HPs)
             Began as a Draconian Fire Elementalist on Feb 27, 2016.
             Got out of the dungeon alive.
             The game lasted 00:05:31 (1540 turns).

Geeful the Firebug (Draconian Fire Elementalist)    Turns: 1540, Time: 00:05:31

Health: 26/26      AC:  5    Str: 10    XL:     3   Next: 37%
Magic:  6/6        EV: 12    Int: 16    God:
Gold:   49         SH:  0    Dex: 11    Spells: 1 memorised, 5 levels left

rFire  . . .     SeeInvis .     d - +0 whip
rCold  . . .     Gourm    .     (armour unavailable)
rNeg   . . .     Faith    .     (no shield)
rPois  .         Spirit   .     (helmet restricted)
rElec  .         Dismiss  .     (no cloak)
rCorr  .         Reflect  .     (no gloves)
SustAt .         Harm     .     (no boots)
MR     .....                    (no amulet)
Stlth  ++........               (no ring)
                                (no ring)

@: not resistant to hostile enchantments, unstealthy
A: unfitting armour, cold-blooded, AC +5
a: no special abilities


You escaped.
You were not hungry.

You visited 1 branch of the dungeon, and saw 1 of its levels.

You collected 49 gold pieces.

Inventory:

Hand Weapons
 d - a +0 whip (weapon)
Missiles
 h - 51 stones (quivered)
Scrolls
 f - a scroll of identify {unknown}
 j - a scroll of remove curse {unknown}
Potions
 e - a potion of cure mutation {unknown}
 g - a potion of flight {unknown}
 i - a potion of cancellation {unknown}
 k - a potion of brilliance {unknown}
Books
 a - a book of Flames

   Spells                             Type                      Level
   a - Flame Tongue                   Conjuration/Fire             1
   b - Throw Flame                    Conjuration/Fire             2
   c - Conjure Flame                  Conjuration/Fire             3
   d - Inner Flame                    Hexes/Fire                   3
   e - Sticky Flame                   Conjuration/Fire             4
   f - Fireball                       Conjuration/Fire             5
Comestibles
 b - 2 bread rations
 c - a royal jelly
 l - 2 beef jerkies


   Skills:
 + Level 2.2 Dodging
 + Level 2.1 Stealth
 + Level 2.2 Spellcasting
 + Level 1.2 Conjurations
 + Level 3.6 Fire Magic


You had 5 spell levels left.
You knew the following spells:

 Your Spells              Type           Power        Failure   Level  Hunger
a - Flame Tongue          Conj/Fire      #....        10%         1    #......


Dungeon Overview and Level Annotations

Branches:
Dungeon (1/15)

Altars:


Innate Abilities, Weirdness & Mutations

Your plain brown scales are hard (AC +5).
Your body does not fit into most forms of armour.
You are cold-blooded and may be slowed by cold attacks.


Message History

You see here a dagger.
Done exploring.
A giant newt comes into view.
You catch the helpless giant newt momentarily off-guard.
You hit the giant newt.
You kill the giant newt!
No target in view!
No target in view!
You see here a giant newt corpse.
You butcher the giant newt corpse.
m - a chunk of flesh You see here a giant newt skeleton.
(D) Dungeon
Where to? (Enter - D:1 @ (x,y), ? - help) Eating a chunk of flesh.
This raw flesh tastes terrible.
You continue eating. x2
There is an escape hatch in the floor here.
There is a staircase leading out of the dungeon here.
Are you sure you want to leave the Dungeon?
This will make you lose the game!
You have escaped!

#...#.
#################.....
#.................#.##
###.###############.#
#.#.............>.#
#.#..#..#..#..#...#
#.#...............#
#.#...............#
#.#@............>.#
#.#...............#
#.#...............#
#.#..#..#..#..#..##
#.#.............>#
#.##################
#.#########.......(.
#...........#######.
############# #.


There were no monsters in sight!

Vanquished Creatures
  An ooze (D:1)
  3 giant geckos (D:1)
  2 bats (D:1)
  4 goblins (D:1)
  4 hobgoblins (D:1)
  4 jackals (D:1)
  6 kobolds (D:1)
  2 ball pythons (D:1)
  3 giant newts (D:1)
  5 rats (D:1)
34 creatures vanquished.

Notes
Turn   | Place    | Note
--------------------------------------------------------------
     0 | D:1      | Geeful the Draconian Fire Elementalist began the quest for the Orb.
     0 | D:1      | Reached XP level 1. HP: 14/14 MP: 3/3
   302 | D:1      | Reached XP level 2. HP: 20/20 MP: 0/5
   894 | D:1      | Reached XP level 3. HP: 26/26 MP: 3/6
  1540 | D:$      | Got out of the dungeon alive.

Vault maps used:
D:1:      lemuel_arrival_broad_hall

Skill      XL: |  1  2 |
---------------+-------+-----
Dodging        | 2 |  2.2
Stealth        | 2 |  2.1
Spellcasting   | |  2.2
Conjurations   | |  1.2
Fire Magic     | |  3.6

Action                   || total
-------------------------++-------
Melee: Whip              ||    21
Throw: Stone             ||    17
 Cast: Flame Tongue      ||    55
 Stab: Distracted        ||     1
  Eat: Chunk             ||     3
